 Dungeon Crawl Stone Soup version 0.29.0-3-gbb0933ed62 (webtiles) character file.

Game seed: 13884452346463384128

14387 wingedge the Fighter (level 12, -1/73 HPs)
             Began as an Octopode Earth Elementalist on Aug 25, 2022.
             Was an Elder of Hepliaklqana.
             Slain by a fire bat (4 damage)
             ... on level 1 of the Lair of Beasts on Aug 26, 2022.
             The game lasted 01:51:22 (16353 turns).

wingedge the Fighter (Octopode Earth Elementalist) Turns: 16353, Time: 01:51:24

Health: -1/73      AC:  1    Str:  9    XL:     12   Next: 16%
Magic:  21/30      EV: 17    Int: 21    God:    Hepliaklqana [****..]
Gold:   796        SH:  0    Dex: 12    Spells: 5/23 levels left

rFire   + . .      SeeInvis .   a - staff of conjuration
rCold   + . .      Faith    +   (no shield)
rNeg    . . .      Spirit   .   (helmet restricted)
rPois   +          Reflect  .   B - amulet of faith
rElec   +          Harm     .   m - ring of magical power
rCorr   +          Rampage  .   z - ring of resist corrosion
Will    .....                   G - +4 ring of evasion
Stlth   ++++......              (no ring)
HPRegen 0.22/turn               (no ring)
MPRegen 0.22/turn               (no ring)
                                (no ring)
                                (no ring)

@: resistant
A: reduced essence, almost no armour, amphibious, 8 rings, camouflage 1,
gelatinous body 1, (nimble swimmer 1), tentacles
a: Renounce Religion, Recall Ancestor, Ancestor Identity, Transference, Idealise


You were on level 1 of the Lair of Beasts.
You worshipped Hepliaklqana.
Hepliaklqana was greatly pleased with you.
You visited 3 branches of the dungeon, and saw 13 of its levels.

You collected 796 gold pieces.

Inventory:

Hand Weapons
 b - a +0 rapier of freezing
 c - a +1 vorpal shortbow
 h - a +2 dagger of holy wrath
 n - the +3 whip of Resourcefulness {venom, rN++}
   (You found it on level 10 of the Dungeon)

   It poisons the flesh of those it strikes.
   rN:        It greatly protects you from negative energy.
 D - a +0 triple sword of draining
Missiles
 u - 6 javelins
 y - 2 curare-tipped darts (quivered)
 J - 8 poisoned darts
Armour
 g - a +2 kite shield
Magical Staves
 a - a staff of conjuration (weapon)
Jewellery
 i - an amulet of the acrobat
 m - a ring of magical power (left tentacle)
 z - a ring of resist corrosion (right tentacle)
 B - an amulet of faith (around mantle)
 G - a +4 ring of evasion (on tentacle)
Wands
 w - a wand of polymorph (6)
 L - a wand of flame (3)
 N - a wand of mindburst (5)
Scrolls
 e - a scroll of brand weapon
 f - 5 scrolls of poison
 l - 6 scrolls of amnesia
 o - a scroll of summoning {unknown}
 p - 4 scrolls of fog
 q - 2 scrolls of immolation
 s - 2 scrolls of magic mapping
 t - 4 scrolls of teleportation
 v - a scroll of silence {unknown}
 F - a scroll of torment {unknown}
 I - 3 scrolls of vulnerability
 K - 2 scrolls of enchant armour {unknown}
 O - a scroll of acquirement {unknown}
Potions
 d - 2 potions of brilliance {unknown}
 r - a potion of degeneration {unknown}
 x - a potion of magic
 A - 5 potions of flight {unknown}
 C - 2 potions of attraction {unknown}
 H - a potion of cancellation {unknown}
 M - a potion of might {unknown}
 P - a potion of ambrosia {unknown}
Miscellaneous
 j - a condenser vane


   Skills:
 - Level 8.0 Fighting
 - Level 4.1(5.0) Short Blades
 - Level 4.1(5.0) Long Blades
 - Level 3.0 Ranged Weapons
 + Level 3.2 Throwing
 - Level 3.0 Dodging
 - Level 7.0 Stealth
 - Level 1.0 Shields
 - Level 6.0 Spellcasting
 - Level 6.0 Conjurations
 - Level 3.0 Translocations
 + Level 6.1 Transmutations
 - Level 7.0 Ice Magic
 + Level 2.5 Air Magic
 - Level 7.0 Earth Magic
 + Level 2.3 Invocations


You had 5 spell levels left.
You knew the following spells:

 Your Spells              Type           Power      Damage    Failure   Level
a - Sandblast             Erth           70%        2d15      1%          1
b - Stone Arrow           Conj/Erth      100%       3d13      1%          3
c - Passwall              Tmut/Erth      27%        N/A       1%          2
d - Ozocubu's Armour      Ice            35%        N/A       1%          3
e - Petrify               Tmut/Erth      33%        N/A       7%          4
f - Apportation           Tloc           36%        N/A       2%          1
g - Airstrike             Air            8%         2d(2-18)  34%         4

Your spell library contained the following spells:

 Spells                   Type           Power      Damage    Failure   Level
 Shock                    Conj/Air       100%       1d9       1%          1
 Necrotise                Necr           24%        1d5       10%         1
 Summon Small Mammal      Summ           24%        N/A       10%         1
 Swiftness                Air            16%        N/A       11%         3
 Vampiric Draining        Necr           6%         2d6       28%         3
 Agony                    Necr           6%         N/A       95%         5
 Ozocubu's Refrigeration  Ice            17%        4d11      99%         7


Dungeon Overview and Level Annotations

Branches:
Dungeon (11/15)            Temple (1/1) D:7            Lair (1/5) D:9
    Orc (0/2) D:10

Altars:
Dithmenos
Fedhas
Hepliaklqana
Kikubaaqudgha
Makhleb
Nemelex Xobeh
Okawaru
Ru
Sif Muna
Trog
Uskayaw
Wu Jian
Zin

Annotations:
D:1 1 transporter
D:4 Quasits and wand behind dig
Lair:1 1 transporter


Innate Abilities, Weirdness & Mutations

Your life essence is reduced to manifest your ancestor. (-10% HP)
You cannot wear most types of armour.
You are amphibious.
You can wear up to eight rings at the same time.
Your skin changes colour to match your surroundings (Stealth+).
Your rubbery body absorbs attacks. (AC +1, EV +1)
((You are camouflaged when in or above water. (Stealth+)))
You have tentacles for arms and can constrict up to eight enemies at once.


Message History

The fire bat completely misses you. The fire bat bites you.
You are engulfed in flames.
You resist.
* * * LOW HITPOINT WARNING * * *
The fire bat misses you. x2
Mushu points at the fire bat and mumbles some strange words.
The fire bat seems to slow down.
The hell hound bites you!
* * * LOW HITPOINT WARNING * * *
Okay, then.
Aiming: Mindburst
Press: ? - help, Shift-Dir - straight line, f - hell hound, p - fire bat
Aim: a hell hound (catching its breath, chance to affect: 64%)
The hell hound's mind is blasted.
The fire bat bites you.
* * * LOW HITPOINT WARNING * * *
You are engulfed in flames.
You resist.
* * * LOW HITPOINT WARNING * * *
The fire bat bites you but does no damage.
The hell hound bites you.
* * * LOW HITPOINT WARNING * * *
Mushu hits the fire bat with a +0 dagger of draining.
The hell hound pauses to sniff the ground.
The hell hound misses you.
Mushu hits the fire bat with a +0 dagger of draining.
The fire bat dies!
Unknown command.
Okay, then.
Press: ? - help, v - describe, . - travel
Here: a hell hound (flame, moderately wounded, catching its breath, ally target)
An open gate.
Throw: 3 darts (curare)
Press: ? - help, Shift-Dir - straight line, f/p - hell hound
Aim: a hell hound (flame, moderately wounded, catching its breath, ally target, 53% to hit)
You throw a curare-tipped dart.
The curare-tipped dart hits the hell hound.
The hell hound is poisoned.
The hell hound convulses.
The hell hound seems to slow down.
The hell hound is moderately wounded.
The fire bat bites you.
* * * LOW HITPOINT WARNING * * *
You are engulfed in flames.
You resist.
You die...

#.... . #.#.#.#.? ..##+#.
. ......... ........ .
......... ##### ........
..........######## ☼☼○○#
........
..........#○○.☼☼○#☼☼○○○#
........
..........#.°°.○○#○°○☼○#
........
..........#☼☼#.#R○☼○○!/#
........
.........©#○○©..@b○☼☼}©#
........
..>.......#○○#.#.h☼○○[:#
.......
..........#.°☼.○☼#○☼°°○#
......
..........#°○.○☼☼#☼○°○○#
...... .....(....########
○○○○# ......
.................#######.
......
.........................
......
........~~~~.............
......
........~≈≈~~...§§§l.....
......


You could see the friendly Mushu the hexer, a hell hound (very poisoned, slow,
catching breath, ally target) and a fire bat (slow).

Vanquished Creatures
  A two-headed ogre (D:10)
  An ugly thing (D:11)
  2 cane toads (Lair:1)
  Joseph (D:9)
  A gargoyle (D:11)
  A rime drake (Lair:1)
  3 komodo dragons
  A troll (D:9)
  A polar bear (D:7)
  4 blink frogs (Lair:1)
  A wyvern (D:9)
  A fire elemental (Lair:1)
  12 yaks
  3 vampire mosquitoes (D:11)
  2 acid dragons (D:10)
  2 water moccasins (Lair:1)
  Duvessa (D:7)
  An ice beast (D:5)
  2 black bears (D:6)
  2 ogres
  9 wolves (Lair:1)
  8 centaurs
  2 phantoms
  Blork the orc (D:9)
  3 bullfrogs
  2 kobold brigands
  A gnoll sergeant (D:9)
  3 scorpions
  6 wights
  Dowan (D:7)
  3 killer bees (D:9)
  An electric eel (Lair:1)
  3 jellies
  4 orc priests
  A hound (D:4)
  9 iguanas
  2 orc wizards
  2 gnolls (D:9)
  5 adders
  5 white imps
  2 worms
  3 dart slugs
  23 orcs
  5 bats
  7 endoplasms
  9 giant cockroaches
  10 goblins
  6 hobgoblins
  4 jackals (D:3)
  11 kobolds
  8 quokkas
  7 ball pythons
  8 frilled lizards
  10 rats
227 creatures vanquished.

Vanquished Creatures (collateral kills)
  A hydra (D:11)
  A manticore (D:11)
  A queen bee (D:10)
  A blink frog (Lair:1)
  A wraith (D:11)
  4 yaks
  2 fire bats (Lair:1)
  An orc warrior (D:9)
  5 wolves (Lair:1)
  A gnoll sergeant (D:9)
  3 bullfrogs
  2 wights (D:9)
  2 killer bees (D:9)
  2 gnolls (D:9)
  An orc (D:8)
  2 kobolds (D:9)
30 creatures vanquished.

Vanquished Creatures (others)
  7 hexers
  9 fungi
  4 plants (Lair:1)
20 creatures vanquished.

Grand Total: 277 creatures vanquished

Notes
Turn   | Place    | Note
-------+----------+-------------------------------------------
     0 | D:1      | wingedge the Octopode Earth Elementalist began the quest
                  | for the Orb.
     0 | D:1      | Reached XP level 1. HP: 11/11 MP: 3/3
   124 | D:1      | Reached skill level 1 in Fighting
   164 | D:1      | Reached XP level 2. HP: 18/18 MP: 5/5
   501 | D:1      | Reached skill level 2 in Fighting
   760 | D:1      | Reached XP level 3. HP: 24/24 MP: 6/6
  1347 | D:2      | Reached XP level 4. HP: 29/29 MP: 7/7
  1399 | D:2      | Reached skill level 1 in Conjurations
  1586 | D:2      | Learned a level 3 spell: Stone Arrow
  2489 | D:3      | Reached XP level 5. HP: 34/34 MP: 8/8
  2731 | D:3      | Found a faded altar of an unknown god.
  3192 | D:4      | Reached XP level 6. HP: 41/41 MP: 9/9
  3357 | D:4      | Noticed Sigmund
  3358 | D:4      | Noticed Sigmund
  3358 | D:4      | Sigmund changed into Sigmund the centaur
  3374 | D:4      | Killed Sigmund the centaur
  3375 | D:4      | Reached skill level 3 in Fighting
  3718 | D:4      | Found an ornate altar of the Wu Jian Council.
  3771 | D:4      | Learned a level 2 spell: Passwall
  3780 | D:4      | Learned a level 3 spell: Ozocubu's Armour
  4136 | D:5      | Entered Level 5 of the Dungeon
  4141 | D:5      | Reached skill level 1 in Ice Magic
  4286 | D:5      | Reached skill level 5 in Conjurations
  4286 | D:5      | Reached XP level 7. HP: 46/46 MP: 9/10
  5335 | D:5      | Reached skill level 5 in Earth Magic
  5335 | D:5      | Reached XP level 8. HP: 52/52 MP: 11/11
  5705 | D:6      | Reached skill level 5 in Ice Magic
  5732 | D:6      | Found a blossoming altar of Fedhas.
  6331 | D:6      | Learned a level 4 spell: Petrify
  6374 | D:6      | Reached skill level 4 in Fighting
  6598 | D:7      | Noticed a yak
  6627 | D:7      | Noticed a yak
  6627 | D:7      | Noticed a yak
  6635 | D:7      | Killed a yak
  6636 | D:7      | Reached skill level 5 in Stealth
  6636 | D:7      | Reached skill level 1 in Throwing
  6651 | D:7      | Killed a yak
  6652 | D:7      | Reached XP level 9. HP: 36/58 MP: 2/13
  6652 | D:7      | Noticed a polar bear
  6652 | D:7      | a yak changed into a polar bear
  6859 | D:7      | Found a staircase to the Ecumenical Temple.
  6865 | Temple   | Entered the Ecumenical Temple
  6891 | Temple   | Became a worshipper of Hepliaklqana the Forgotten
  7135 | D:7      | Killed a polar bear
  7510 | D:7      | Noticed Duvessa
  7510 | D:7      | Noticed Dowan
  7555 | D:7      | Killed Duvessa
  7556 | D:7      | Reached skill level 5 in Transmutations
  7557 | D:7      | Killed Dowan
  7827 | D:7      | Reached * piety under Hepliaklqana
  7890 | D:7      | Found a shadowy altar of Dithmenos.
  8567 | D:8      | Reached skill level 5 in Fighting
  8886 | D:8      | Learned a level 1 spell: Apportation
  9120 | D:8      | Reached ** piety under Hepliaklqana
  9121 | D:8      | Remembered your ancestor Mushu as a hexer
  9401 | D:8      | Reached skill level 1 in Translocations
  9460 | D:9      | Noticed a troll
  9473 | D:9      | Reached skill level 1 in Short Blades
  9473 | D:9      | Killed a troll
  9476 | D:9      | Noticed Joseph
  9482 | D:9      | Noticed Blork the orc
  9483 | D:9      | Killed Joseph
  9484 | D:9      | Reached skill level 1 in Ranged Weapons
  9484 | D:9      | Reached XP level 10. HP: 23/59 MP: 2/16
  9727 | D:9      | Killed Blork the orc
  9973 | D:8      | Reached skill level 6 in Fighting
 10405 | D:9      | Reached skill level 7 in Fighting
 11004 | D:9      | Found a staircase to the Lair.
 11122 | D:10     | Entered Level 10 of the Dungeon
 11203 | D:10     | Reached skill level 1 in Long Blades
 11203 | D:10     | Reached skill level 1 in Shields
 11893 | D:10     | Identified the +3 whip of Resourcefulness {venom, rN++}
 11924 | D:10     | Found a staircase to the Orcish Mines.
 12130 | D:10     | Reached *** piety under Hepliaklqana
 12338 | D:10     | Reached XP level 11. HP: 67/67 MP: 11/17
 12632 | D:10     | Noticed a two-headed ogre
 12640 | D:10     | Killed a two-headed ogre
 12641 | D:10     | Reached skill level 5 in Spellcasting
 12794 | D:10     | Found a bloodstained altar of Trog.
 12801 | D:10     | Found a burning altar of Makhleb.
 12801 | D:10     | Found a sparkling altar of Nemelex Xobeh.
 12802 | D:10     | Found a sacrificial altar of Ru.
 12803 | D:10     | Found a glowing silver altar of Zin.
 12804 | D:10     | Found an ancient bone altar of Kikubaaqudgha.
 12805 | D:10     | Found an iron altar of Okawaru.
 12806 | D:10     | Found a hide-covered altar of Uskayaw.
 13012 | D:11     | Reached skill level 1 in Invocations
 13018 | D:11     | Noticed a manticore
 13027 | D:11     | Noticed a seven-headed hydra
 13192 | D:11     | Killed a manticore
 13299 | D:11     | Killed a seven-headed hydra
 13564 | D:11     | Noticed a cyan ugly thing
 13850 | D:11     | Killed a cyan ugly thing
 14076 | D:11     | Reached skill level 8 in Fighting
 14755 | Lair:1   | Entered Level 1 of the Lair of Beasts
 15943 | Lair:1   | Learned a level 4 spell: Airstrike
 16028 | Lair:1   | Reached XP level 12. HP: 73/73 MP: 20/20
 16033 | Lair:1   | Reached skill level 1 in Air Magic
 16334 | Lair:1   | Found a transporter.
 16337 | Lair:1   | Reached **** piety under Hepliaklqana
 16347 | Lair:1   | Found a transporter.
 16353 | Lair:1   | HP: 3/73 [fire bat (2)]
 16353 | Lair:1   | Slain by a fire bat

Illustrated notes

Levels and vault maps discovered:
D:1:      spicycebolla_arrival_risky_transporter, layout_loops_cross
D:2:      layout_basic
D:3:      layout_loops_corners, shapermc_ecumenical_altar_hornbeckon
D:4:      cheibrodos_quashed, layout_basic, mainiacjoe_overflow_surrounded_room,
          uniq_sigmund
D:5:      layout_basic, minmay_statues_item, solitary_fountain, st_stairs_4,
          minmay_misc_feat_room
D:6:      layout_cave_pools, fedhas_altar_2
D:7:      layout_basic, grunt_dithmenos_smoke, temple_statues, minivault_1,
          uniq_duvessa
D:8:      layout_loops_ring, minmay_splitting_lines
D:9:      layout_layer_cave, lair_entry_dummy, sword_in_stone, uniq_joseph
D:10:     layout_irregular_city, minitemple
D:11:     layout_rooms
Temple:   minmay_temple_curvy_loop
Lair:1:   gammafunk_cloud_chamber, layout_regular_city,
          grunt_forest_large_clearings, grunt_megastairs_4,
          infiniplex_staircase_pool

Skill      XL: |  1  2  3  4  5  6  7  8  9 10 11 12 |
---------------+-------------------------------------+-----
Stealth        | 3 4 5 6 7 |  7.0
Fighting       | 1 2 3 4 5 7 8 |  8.0
Earth Magic    | 4 5 6 7 |  7.0
Conjurations   | 2 4 5 6 |  6.0
Ice Magic      | 1 4 5 6 7 |  7.0
Dodging        | 3 |  3.0
Spellcasting   | 3 4 5 6 |  6.0
Transmutations | 3 5 6 |  6.1
Throwing       | 2 3 |  3.2
Translocations | 1 3 |  3.0
Short Blades   | 4 |  4.1
Ranged Weapons | 2 3 |  3.0
Long Blades    | 4 |  4.1
Shields        | 1 |  1.0
Invocations    | 2 |  2.3
Air Magic      | 2 |  2.5

Action                   |  1- 3 |  4- 6 |  7- 9 | 10-12 || total
-------------------------+-------+-------+-------+-------++-------
Melee: Club              |     3 |       |       |       ||     3
       Short sword       |    11 |       |    15 |       ||    26
       Constrict         |     4 |       |     3 |    16 ||    23
       Tentacles         |     2 |       |    10 |    18 ||    30
       Unarmed           |     1 |       |       |     9 ||    10
       Falchion          |       |       |     5 |       ||     5
       Rapier            |       |       |     9 |    74 ||    83
       Punch             |       |       |     2 |     1 ||     3
 Fire: Sling             |     4 |    28 |       |       ||    32
       Shortbow          |       |     6 |     6 |       ||    12
Throw: Dart              |       |     4 |    12 |    18 ||    34
       Javelin           |       |     1 |     1 |     5 ||     7
 Cast: Sandblast         |    43 |    73 |     3 |     7 ||   126
       Stone Arrow       |       |    14 |   104 |   110 ||   228
       Ozocubu's Armour  |       |       |    10 |    22 ||    32
       Passwall          |       |       |     1 |     3 ||     4
       Petrify           |       |       |    13 |    48 ||    61
       Apportation       |       |       |     1 |       ||     1
       Airstrike         |       |       |       |     1 ||     1
Invok: Ancestor Life: He |       |       |     1 |       ||     1
       Ancestor Identity |       |       |     1 |       ||     1
       Recall Ancestor   |       |       |       |     2 ||     2
       Transference      |       |       |       |     1 ||     1
Evoke: Wand              |       |     1 |     2 |     8 ||    11
  Use: Potion            |       |     1 |     6 |     8 ||    15
       Scroll            |       |       |     8 |    11 ||    19
 Stab: Sleeping          |     6 |       |     1 |     1 ||     8
       Petrified         |       |       |    15 |    11 ||    26
       Distracted        |       |       |     2 |       ||     2
       Confused          |       |       |     1 |     3 ||     4
Armor: Skin              |       |     1 |     9 |    30 ||    40
Dodge: Dodged            |     9 |    24 |    52 |   169 ||   254
